 Dungeon Crawl Stone Soup version 0.19-a0-749-g66ae36b (webtiles) character file.

28 vatarom the Sneak (level 3, 0/18 HPs)
             Began as a Vine Stalker Assassin on June 24, 2016.
             Succumbed to an adder's poison
             ... on level 2 of the Dungeon.
             The game lasted 00:01:15 (598 turns).

vatarom the Sneak (Vine Stalker Assassin)            Turns: 598, Time: 00:01:16

Health: 0/18       AC:  3    Str: 19    XL:     3   Next: 14%
Magic:  3/4        EV: 17    Int: 16    God:
Gold:   44         SH:  0    Dex: 20    Spells: 0 memorised, 2 levels left

rFire  . . .     SeeInvis .     a - +2 dagger
rCold  . . .     Gourm    .     c - +0 robe
rNeg   . . .     Faith    .     (no shield)
rPois  .         Spirit   +     (no helmet)
rElec  .         Dismiss  .     l - +0 cloak
rCorr  .         Reflect  .     (no gloves)
SustAt .         Harm     .     (no boots)
MR     .....                    (no amulet)
Stlth  ++++......               (no ring)
                                (no ring)

@: mighty, brilliant, agile, lethally poisoned (0 -> -8), very slightly
contaminated, hasted, very quick, not resistant to hostile enchantments,
stealthy
A: fangs 2, regeneration 1, magic shield, antimagic bite, no device heal 3, rot
immunity
a: no special abilities


You were on level 2 of the Dungeon.
You were not hungry.

You visited 1 branch of the dungeon, and saw 2 of its levels.

You collected 44 gold pieces.

Inventory:

Hand Weapons
 a - a +2 dagger (weapon)
 b - a +0 blowgun
Missiles
 e - 8 poisoned needles
 f - 2 curare-tipped needles
Armour
 c - a +0 robe (worn)
 l - a +0 cloak (worn)
Scrolls
 d - a scroll of amnesia {unknown}
 k - a scroll of remove curse
 o - a scroll of blinking {unknown}
Potions
 h - a potion of brilliance
Comestibles
 g - a bread ration
 i - a meat ration
 n - 4 fruits


   Skills:
 - Level 1.7 Fighting
 + Level 2.5 Short Blades
 - Level 1.7 Throwing
 - Level 0.7 Dodging
 + Level 5.5 Stealth


You had 2 spell levels left.
You didn't know any spells.

Dungeon Overview and Level Annotations

Branches:
Dungeon (2/15)

Altars:


Innate Abilities, Weirdness & Mutations

You have extremely sharp teeth.
Your natural rate of healing is unusually fast.
When hurt, damage is shared between your health and your magic reserves.
Your bite disrupts and absorbs the magic of your enemies.
Potions and wands cannot restore your health.
You are immune to rotting.


Message History

* * * LOW HITPOINT WARNING * * *
You feel sick. The bat closely misses you. The adder closely misses you.
It was a potion of magic.
Magic courses through your body.
* * * LOW HITPOINT WARNING * * *
You feel sick. The bat barely misses you. The adder closely misses you.
You puncture the adder! You bite the adder. You drain its power.
You kill the adder!
You have reached level 3!
Your experience leads to an increase in your attributes!
Your base attributes are Str 13, Int 11, Dex 15.
Increase (S)trength, (I)ntelligence, or (D)exterity?
You feel stronger.
* * * LOW HITPOINT WARNING * * *
You feel sick.
The hobgoblin shouts!
The bat hits you. The bat closely misses you.
You puncture the bat!
You kill the bat!
You die...

#.............)# #.
##.####........#...
#........#.#..#.#
######....<.)...#
#...#.#....#
#........###
##.†.....###
####.##...#
#####.@..#...
#.......##...
#.............
#.......##....
#.......# .?.
#........ ..
#(<.....## (
#$..?g..# #.......#


You could see a hobgoblin.

Vanquished Creatures
  An adder (D:2)
  An ooze (D:2)
  2 bats
  A giant cockroach (D:1)
  2 goblins (D:2)
  2 hobgoblins (D:1)
  A ball python (D:2)
  2 kobolds (D:1)
  3 rats (D:1)
15 creatures vanquished.

Notes
Turn   | Place    | Note
--------------------------------------------------------------
     0 | D:1      | vatarom the Vine Stalker Assassin began the quest for the Orb.
     0 | D:1      | Reached XP level 1. HP: 11/11 MP: 2/2
    44 | D:1      | Reached skill level 5 in Stealth
   266 | D:1      | Reached XP level 2. HP: 15/15 MP: 3/3
   596 | D:2      | Reached XP level 3. HP: 2/18 MP: 4/4
   598 | D:2      | Succumbed to an adder's poison

Vault maps used:
D:1:      roderic_dead_forest
D:2:      st_stairs_14

Skill      XL: |  1 |
---------------+----+-----
Stealth        | 5 |  5.5
Short Blades   | 2 |  2.5
Fighting       | |  1.7
Throwing       | |  1.7
Dodging        | |  0.7

Action                   || total
-------------------------++-------
Melee: Dagger            ||    38
       Bite              ||     8
  Use: Potion            ||     6
       Scroll            ||     2
 Stab: Sleeping          ||     7
Armor: Robe              ||    18
Dodge: Dodged            ||    30
